[Event "November 21 Early 2023"]
[Site "https://www.chess.com"]
[Date "2023.11.21"]
[Round "2"]
[White "Gubajdullin, Alexei"]
[Black "Drygalov, Sergey"]
[Result "0-1"]
[Board "27"]
[TimeControl "180+1"]
[WhiteFideId "4141202"]
[BlackFideId "24171743"]
[WhiteElo "2280"]
[BlackElo "2502"]
[WhiteTeam "RUS"]
[BlackTeam "RUS"]
[WhiteClock "0:00:09"]
[BlackClock "0:00:14"]

1. d4 Nf6 2. Nf3 g6 3. Bf4 Bg7 4. e3 O-O 5. Be2 b6 6. O-O Bb7 7. h3 d6 8. a4 a6 9. a5 b5 10. c4 c6 11. Nc3 Nbd7 12. b4 bxc4 13. Bxc4 c5 14. bxc5 dxc5 15. Qb3 Bxf3 16. gxf3 cxd4 17. exd4 e6 18. Bd6 Re8 19. d5 e5 20. Ne4 Nh5 21. Rfd1 Nf4 22. Bf1 f5 23. Nc5 Nf6 24. Qb6 N6xd5 25. Rxd5 Nxd5 26. Bc4 Qg5+ 27. Kh1 Kh8 28. Bxd5 Rad8 29. Ne6 Qf6 30. Nxd8 Rxd8 31. Rc1 Rxd6 32. Rc8+ Bf8 33. Qc5 Rd8 34. Rxd8 Qxd8 35. Qc6 Kg7 36. Qb7+ Be7 37. Kg2 Kh6 38. Bc4 Bc5 39. Qxa6 Qd4 40. h4 Qxf2+ 41. Kh3 Qxf3+ 42. Kh2 Qf2+ 43. Kh3 f4 0-1

[Event "November 21 Early 2023"]
[Site "https://www.chess.com"]
[Date "2023.11.21"]
[Round "2"]
[White "Makarian, Rudik"]
[Black "Cremisi, Daniel"]
[Result "1-0"]
[Board "28"]
[TimeControl "180+1"]
[WhiteFideId "44105681"]
[BlackFideId "2089882"]
[WhiteElo "2539"]
[BlackElo "2172"]
[WhiteTeam "FID"]
[BlackTeam "USA"]
[WhiteClock "0:00:24"]
[BlackClock "0:00:01"]

1. d4 d5 2. c4 c6 3. Nf3 Nf6 4. Nc3 e6 5. Bg5 Nbd7 6. e3 Qa5 7. Nd2 Bb4 8. Rc1 dxc4 9. Bxf6 Nxf6 10. Nxc4 Bxc3+ 11. Rxc3 Qc7 12. Be2 O-O 13. O-O Nd5 14. Rc1 Nb6 15. Ne5 Nd7 16. Nd3 Nb6 17. Qc2 Bd7 18. Bf3 Rfc8 19. Rfd1 Be8 20. b4 Qe7 21. Qc5 Qxc5 22. bxc5 Nd5 23. Ne5 b5 24. a3 a5 25. Rd2 f6 26. Nd3 Bg6 27. e4 Nc7 28. Nf4 Bf7 29. e5 fxe5 30. dxe5 Nd5 31. Bxd5 cxd5 32. Ne2 b4 33. axb4 axb4 34. f3 Ra5 35. c6 d4 36. Rxd4 Rxe5 37. c7 Rd5 38. Rxb4 Be8 39. Rb8 Bd7 40. Kf2 Kf7 41. Ke3 Ke7 42. Rxc8 Bxc8 43. Nf4 Re5+ 44. Kf2 Kd6 45. h4 Ra5 46. Rc2 Ra7 47. Nh5 g6 48. Nf6 h5 49. Kg3 Ke7 50. Ne4 Kd7 51. Kf4 Ra5 52. Rc5 Ra2 53. Rg5 Kxc7 54. Rxg6 Ra1 55. Rg5 Rg1 56. Kg3 Ba6 57. Rxh5 Bf1 58. Kf2 Rh1 59. Ng3 1-0

[Event "November 21 Early 2023"]
[Site "https://www.chess.com"]
[Date "2023.11.21"]
[Round "2"]
[White "Stark, Lars"]
[Black "Rasulov, Vugar"]
[Result "0-1"]
[Board "29"]
[TimeControl "180+1"]
[WhiteFideId "4676386"]
[BlackFideId "13402390"]
[WhiteElo "2449"]
[BlackElo "2517"]
[WhiteTeam "GER"]
[BlackTeam "AZE"]
[WhiteClock "0:00:00"]
[BlackClock "0:01:00"]

1. c4 Nf6 2. g3 e6 3. Bg2 d5 4. Nf3 Be7 5. O-O d4 6. b3 O-O 7. e3 c5 8. Ba3 Nc6 9. Re1 e5 10. exd4 exd4 11. d3 Bd6 12. Nbd2 Bf5 13. Ne4 Nxe4 14. dxe4 Bg6 15. Nh4 Re8 16. Nxg6 hxg6 17. Qd2 a5 18. f4 a4 19. e5 Bf8 20. Bxc6 bxc6 21. Qd3 axb3 22. axb3 Qd7 23. Reb1 g5 24. Bc1 gxf4 25. Bxf4 g6 26. Rxa8 Rxa8 27. Re1 Qe6 28. Re2 Bg7 29. Kg2 Ra1 30. h3 Kh7 31. Kh2 Qc8 32. Kg2 Qe6 33. Kh2 Bh6 34. Kg2 Bxf4 35. gxf4 Kg7 36. Kg3 Rc1 37. Rc2 Rxc2 0-1

[Event "November 21 Early 2023"]
[Site "https://www.chess.com"]
[Date "2023.11.21"]
[Round "2"]
[White "Chigaev, Maksim"]
[Black "Manukian, Artak"]
[Result "1-0"]
[Board "30"]
[TimeControl "180+1"]
[WhiteFideId "4108116"]
[BlackFideId "13301373"]
[WhiteElo "2561"]
[BlackElo "2030"]
[WhiteTeam "ESP"]
[BlackTeam "ARM"]
[WhiteClock "0:00:36"]
[BlackClock "0:00:33"]

1. d4 Nf6 2. Nf3 d5 3. g3 Bf5 4. Bg2 e6 5. c4 c6 6. Nc3 Nbd7 7. Qb3 Qb6 8. c5 Qxb3 9. axb3 a6 10. b4 Rc8 11. Nd2 Be7 12. Nb3 Bd8 13. h3 h5 14. Bf4 O-O 15. Na5 Bxa5 16. Rxa5 Rfe8 17. Be5 Nxe5 18. dxe5 Nd7 19. f4 f6 20. exf6 gxf6 21. e4 dxe4 22. Nxe4 Bxe4 23. Bxe4 e5 24. f5 Kg7 25. Ke2 Nf8 26. Ra3 Rcd8 27. b5 axb5 28. Ra7 Rd7 29. Rd1 Rxd1 30. Kxd1 Rd8+ 31. Ke2 Rd7 32. h4 Kh6 33. Ke3 Rg7 34. Kf2 Nd7 35. b4 Nf8 36. Ra8 Rf7 37. Bc2 Nh7 38. Rd8 Re7 39. Bb3 Kg7 40. Rg8+ 1-0

[Event "November 21 Early 2023"]
[Site "https://www.chess.com"]
[Date "2023.11.21"]
[Round "2"]
[White "Vestby-Ellingsen, Mads"]
[Black "Zhigalko, Sergei"]
[Result "0-1"]
[Board "31"]
[TimeControl "180+1"]
[WhiteFideId "1520857"]
[BlackFideId "13502956"]
[WhiteElo "2241"]
[BlackElo "2616"]
[WhiteTeam "NOR"]
[BlackTeam "BLR"]
[WhiteClock "0:00:00"]
[BlackClock "0:00:45"]

1. e4 c5 2. Nf3 Nc6 3. c3 Nf6 4. Bd3 e5 5. O-O d5 6. exd5 Qxd5 7. Bb5 Bg4 8. Re1 Bd6 9. Na3 e4 10. d3 O-O-O 11. h3 Bxf3 12. gxf3 exf3 13. Qa4 Qh5 14. h4 Qf5 15. Bxc6 Qh3 16. Bxb7+ Kb8 0-1

[Event "November 21 Early 2023"]
[Site "https://www.chess.com"]
[Date "2023.11.21"]
[Round "2"]
[White "Henriquez Villagra, Cristobal"]
[Black "Skatchkov, Valery"]
[Result "1-0"]
[Board "32"]
[TimeControl "180+1"]
[WhiteFideId "3409350"]
[BlackFideId "24195812"]
[WhiteElo "2572"]
[BlackElo "2320"]
[WhiteTeam "CHI"]
[BlackTeam "RUS"]
[WhiteClock "0:00:08"]
[BlackClock "0:00:00"]

1. g3 e5 2. Bg2 g6 3. c4 Bg7 4. Nc3 Ne7 5. e3 O-O 6. Nge2 Nbc6 7. O-O d6 8. d3 a5 9. b3 Be6 10. Ba3 Qd7 11. Nd5 f5 12. Qd2 Kh8 13. Bb2 h6 14. f4 Rae8 15. Nec3 Bg8 16. Nxe7 Nxe7 17. d4 e4 18. d5 c5 19. dxc6 bxc6 20. Rfd1 Rd8 21. Na4 Qc7 22. Bf1 Be6 23. Rac1 Kh7 24. Bxg7 Kxg7 25. c5 d5 26. a3 Rb8 27. b4 axb4 28. axb4 g5 29. Nb6 Nc8 30. b5 Nxb6 31. cxb6 Rxb6 32. Qc3+ Kf7 33. bxc6 Rc8 34. Be2 Rxc6 35. Bh5+ Kg8 36. Qf6 Qg7 37. Qxe6+ Rxe6 38. Rxc8+ Kh7 39. Rxd5 Qa7 40. Kg2 Re7 41. Rxf5 Qxe3 42. Rc2 Qd3 43. Re2 e3 44. Rf6 Qe4+ 45. Kh3 Qd4 46. Rf5 Qe4 47. Rf6 Qd4 48. Rf5 Qd7 49. Bg4 Qd4 50. fxg5 hxg5 51. Rxg5 Re5 52. Rxe5 Qxe5 53. Bf3 Qe4 54. Kg2 Qd3 55. Bg4 Kg7 56. Kf3 Kf6 57. h3 Kg6 58. Rxe3 Qf1+ 59. Ke4 Qc4+ 60. Ke5 Qc5+ 61. Kf4 Qc4+ 62. Re4 Qf1+ 63. Ke3 Qe1+ 64. Kf4 Qd2+ 65. Kf3 Qd1+ 66. Re2 Qd3+ 67. Kf2 Qd4+ 68. Kg2 Qd5+ 69. Bf3 Qd3 70. h4 Kg7 71. Kf2 Qd4+ 72. Kg2 Qd3 73. h5 Kf6 74. Re4 Kg5 75. Rg4+ Kh6 76. Rg6+ Kh7 77. Re6 Qd2+ 78. Re2 Qd4 79. Kh3 Kh6 80. Bg4 Qg1 81. Bf3 Qf1+ 82. Kg4 Qc1 83. Re6+ Kg7 84. h6+ Kf7 85. Rc6 Qd2 86. Be4 Qd4 87. Kf3 Qd1+ 88. Kf4 Qd2+ 89. Kf5 Qf2+ 90. Kg4 Qd4 91. Kf3 Qd1+ 92. Ke3 Qe1+ 93. Kd4 Qxg3 94. h7 Qf2+ 95. Kd5 Qb2 96. Rc7+ Ke8 97. h8=Q+ Qxh8 98. Rc8+ 1-0

[Event "November 21 Early 2023"]
[Site "https://www.chess.com"]
[Date "2023.11.21"]
[Round "2"]
[White "WindWhistler11"]
[Black "Ashraf, Artin"]
[Result "0-1"]
[Board "33"]
[TimeControl "180+1"]
[BlackFideId "22514805"]
[WhiteElo "2587"]
[BlackElo "2235"]
[BlackTeam "IRI"]
[WhiteClock "0:00:01"]
[BlackClock "0:00:02"]

1. Nf3 Nf6 2. b3 a5 3. Bb2 a4 4. Na3 e6 5. e3 b6 6. c4 Bb7 7. Be2 Bb4 8. Qc1 O-O 9. Nc2 Be7 10. b4 c5 11. a3 Nc6 12. Bc3 Ne4 13. O-O Nxc3 14. dxc3 Qc7 15. Rd1 Rfd8 16. e4 Ne5 17. Qe3 Ng4 18. Qd3 Ne5 19. Qe3 Bf6 20. h3 cxb4 21. Nxe5 b3 22. Ng4 bxc2 23. Nxf6+ gxf6 24. Rd2 Qc5 25. Qg3+ Qg5 26. Qxg5+ fxg5 27. Rxc2 Bxe4 28. Rb2 Rdb8 29. Rb4 Bc2 30. Bd1 Bxd1 31. Rxd1 Ra7 32. Rd6 Rc7 33. Rxa4 Kf8 34. Rb4 Ke7 35. Rdxb6 Rxb6 36. Rxb6 Rxc4 37. Rb3 h5 38. Kf1 h4 39. Ke1 g4 40. Kd2 gxh3 41. gxh3 Ra4 42. Kc2 Rf4 43. Kb1 Rxf2 44. a4 Rf5 45. Ra3 Ra5 46. Kb2 Kd6 47. Kb3 Kc5 48. Ra2 f5 49. Rf2 Ra6 50. Rf4 Rb6+ 51. Ka3 Rb1 52. Rxh4 e5 53. Rh5 Rf1 54. a5 Kc4 55. Kb2 Rf2+ 56. Kb1 Kb3 57. Kc1 Kxc3 58. Kd1 e4 59. Ke1 Ra2 60. Rxf5 Kd4 61. Rf4 Ke3 62. Rf1 Ra1# 0-1

[Event "November 21 Early 2023"]
[Site "https://www.chess.com"]
[Date "2023.11.21"]
[Round "2"]
[White "Puranik, Abhimanyu"]
[Black "gueraumasague"]
[Result "1-0"]
[Board "34"]
[TimeControl "180+1"]
[WhiteFideId "5061245"]
[WhiteElo "2493"]
[BlackElo "2587"]
[WhiteTeam "IND"]
[WhiteClock "0:00:25"]
[BlackClock "0:00:09"]

1. c4 g6 2. Nc3 Bg7 3. d4 Nf6 4. Nf3 d6 5. g3 Nc6 6. Bg2 Bf5 7. O-O Qc8 8. d5 Ne5 9. Nxe5 dxe5 10. e4 Bh3 11. Qa4+ Kf8 12. f3 h5 13. Bg5 Bxg2 14. Kxg2 h4 15. Rh1 Rh5 16. Be3 Kg8 17. Qd1 h3+ 18. Kf2 c6 19. Qe2 e6 20. dxc6 Qxc6 21. Rhd1 a6 22. Rac1 Bf8 23. b3 Nd7 24. Rc2 Bc5 25. Rcd2 Nf6 26. Bxc5 Qxc5+ 27. Qe3 Qxe3+ 28. Kxe3 Kg7 29. Na4 g5 30. Nb6 Rb8 31. g4 Rhh8 32. c5 Kf8 33. b4 Ke7 34. a4 Rhd8 35. b5 Rxd2 36. Rxd2 Ke8 37. bxa6 bxa6 38. c6 Rxb6 39. c7 Rc6 40. Rd8+ Ke7 41. c8=Q Rxc8 42. Rxc8 Nd7 43. Rc6 a5 44. Ra6 Nc5 45. Rxa5 Nb3 46. Rb5 Nd4 47. Rb7+ Kf6 48. a5 1-0

[Event "November 21 Early 2023"]
[Site "https://www.chess.com"]
[Date "2023.11.21"]
[Round "2"]
[White "NelsonLinda"]
[Black "Shimanov, Aleksandr"]
[Result "0-1"]
[Board "35"]
[TimeControl "180+1"]
[BlackFideId "4198603"]
[WhiteElo "2584"]
[BlackElo "2611"]
[BlackTeam "RUS"]
[WhiteClock "0:00:10"]
[BlackClock "0:00:37"]

1. Nf3 c5 2. b3 Nc6 3. Bb2 d5 4. g3 f6 5. d4 cxd4 6. Nxd4 e5 7. Nxc6 bxc6 8. Bg2 Bc5 9. O-O Ne7 10. c4 Be6 11. cxd5 cxd5 12. Ba3 Bxa3 13. Nxa3 O-O 14. Qd2 Qd7 15. Rfd1 Rfd8 16. Rac1 a5 17. Rc5 a4 18. b4 Rab8 19. Rdc1 d4 20. b5 Nd5 21. Bxd5 Bxd5 22. f3 Qe6 23. Nc2 Bc4 24. Nb4 Bxb5 25. Nc6 Bxc6 26. Rxc6 Qd5 27. R6c5 Qd6 28. Rc6 Qb4 29. Qd3 Qb5 30. Qf5 Qxe2 31. R1c2 Rb1+ 32. Rc1 Rxc1+ 33. Rxc1 Qe3+ 34. Kg2 Qxc1 35. Qe6+ Kh8 0-1

[Event "November 21 Early 2023"]
[Site "https://www.chess.com"]
[Date "2023.11.21"]
[Round "2"]
[White "Baskakov, Egor"]
[Black "Bettalli, Francesco"]
[Result "1-0"]
[Board "36"]
[TimeControl "180+1"]
[WhiteFideId "24197866"]
[BlackFideId "2816453"]
[WhiteElo "2225"]
[BlackElo "2226"]
[WhiteTeam "RUS"]
[BlackTeam "ITA"]
[WhiteClock "0:01:31"]
[BlackClock "0:00:40"]

1. e4 e5 2. Nc3 Bc5 3. g3 h5 4. h3 d6 5. Bg2 h4 6. g4 Nc6 7. Nge2 Nge7 8. d3 Ng6 9. O-O Be6 10. Kh2 Qd7 11. f4 exf4 12. d4 Bb6 13. d5 Bxg4 14. hxg4 Qxg4 15. Nxf4 Qg3+ 16. Kh1 h3 17. Bf3 Nxf4 18. Bxf4 Qxf4 19. dxc6 bxc6 20. e5 Kd8 21. Bxc6 Qg3 22. exd6 cxd6 23. Bxa8 h2 24. Bg2 Rh6 25. Qf3 Qg5 26. Qa8+ Kd7 27. Rxf7+ Ke6 28. Qe8+ 1-0

[Event "November 21 Early 2023"]
[Site "https://www.chess.com"]
[Date "2023.11.21"]
[Round "2"]
[White "Predator0608"]
[Black "Pap, Gyula"]
[Result "0-1"]
[Board "37"]
[TimeControl "180+1"]
[BlackFideId "725323"]
[WhiteElo "2582"]
[BlackElo "2525"]
[BlackTeam "HUN"]
[WhiteClock "0:00:05"]
[BlackClock "0:00:10"]

1. e4 Nc6 2. Nf3 d6 3. d4 Nf6 4. Nc3 g6 5. Bc4 Bg7 6. O-O O-O 7. Bf4 Nxe4 8. Nxe4 d5 9. Bd3 dxe4 10. Bxe4 Nxd4 11. Nxd4 Qxd4 12. Qxd4 Bxd4 13. Bxc7 Bxb2 14. Rab1 Bf6 15. Bxb7 Bxb7 16. Rxb7 a5 17. c4 a4 18. Rd1 Rfc8 19. c5 a3 20. Kf1 Kg7 21. Bb6 Ra4 22. Ra7 Rc4 23. Rxa3 Bd4 24. Ra7 e5 25. a4 Rc2 26. Rxd4 exd4 27. Rd7 Re8 28. f3 Ree2 29. Rxd4 Rf2+ 30. Kg1 Rxg2+ 31. Kf1 Rxh2 32. Kg1 Ra2 33. a5 Rhc2 34. Rd1 h5 35. Kh1 h4 36. Kg1 h3 37. Kh1 Rh2+ 0-1

[Event "November 21 Early 2023"]
[Site "https://www.chess.com"]
[Date "2023.11.21"]
[Round "2"]
[White "mind1mover"]
[Black "Manukyan, Sargis A."]
[Result "1/2-1/2"]
[Board "38"]
[TimeControl "180+1"]
[BlackFideId "13303970"]
[WhiteElo "2895"]
[BlackElo "2204"]
[BlackTeam "ARM"]
[WhiteClock "0:00:03"]
[BlackClock "0:00:48"]

1. Nf3 d5 2. b3 e6 3. Bb2 Nf6 4. g3 Be7 5. Bg2 O-O 6. O-O c5 7. c4 d4 8. e3 Nc6 9. exd4 cxd4 10. Re1 Bc5 11. d3 Re8 12. a3 a5 13. Ne5 Nxe5 14. Rxe5 Bd6 15. Re1 e5 16. Nd2 Bf5 17. Qe2 Rb8 18. Ne4 Nxe4 19. Bxe4 Bxe4 20. Qxe4 Qb6 21. Rab1 Qc6 22. Bc1 Qxe4 23. Rxe4 b5 24. Bd2 bxc4 25. dxc4 f5 26. Ree1 Bc7 27. b4 e4 28. c5 axb4 29. axb4 Rb5 30. Ra1 Reb8 31. Ra7 R8b7 32. Rxb7 Rxb7 33. Rc1 h6 34. c6 Rb5 35. Bf4 Bb6 36. c7 Bxc7 37. Rxc7 Rxb4 38. Be5 g5 39. Rg7+ Kf8 40. Bd6+ Kxg7 41. Bxb4 Kf6 42. Bf8 Kg6 43. Bc5 d3 44. Kf1 f4 45. g4 h5 46. h3 hxg4 47. hxg4 Kf6 48. Bd4+ Kg6 49. Ke1 Kf7 50. Kd2 Ke6 51. Bb6 Kd5 52. Bd8 e3+ 53. fxe3 fxe3+ 54. Kxe3 d2 55. Kxd2 Ke4 56. Bxg5 Kf3 57. Be3 Kxg4 1/2-1/2

[Event "November 21 Early 2023"]
[Site "https://www.chess.com"]
[Date "2023.11.21"]
[Round "2"]
[White "Streltsov, Alexey"]
[Black "Kamsky, Gata"]
[Result "1-0"]
[Board "39"]
[TimeControl "180+1"]
[WhiteFideId "24104434"]
[BlackFideId "2000024"]
[WhiteElo "2311"]
[BlackElo "2660"]
[WhiteTeam "ISR"]
[BlackTeam "USA"]
[WhiteClock "0:00:03"]
[BlackClock "0:00:00"]

1. d4 f5 2. Nc3 Nf6 3. Bf4 g6 4. f3 d5 5. e4 dxe4 6. fxe4 fxe4 7. Bc4 c6 8. Nge2 Nbd7 9. Bb3 Nb6 10. Be5 Nbd7 11. O-O Bg7 12. Nxe4 Nxe5 13. Nxf6+ exf6 14. dxe5 Qxd1 15. Raxd1 f5 16. Nf4 Ke7 17. Rfe1 Bd7 18. e6 Be8 19. c3 a5 20. a3 a4 21. Ba2 Ra5 22. Nd3 g5 23. Re2 h5 24. Red2 Rh6 25. Nb4 Be5 26. Rd7+ Bxd7 27. Rxd7+ Ke8 28. Rxb7 Rc5 29. Na6 Rb5 30. Ra7 Rxb2 31. Bc4 Bd6 32. Nc7+ Bxc7 33. Rxc7 Rb6 34. Kf2 h4 35. Ke3 h3 36. g3 Rf6 37. Kd4 Rb1 38. Ke5 Rh6 39. Kxf5 Rb2 40. Kxg5 Rxe6 41. Bxe6 Rxh2 42. Rh7 Re2 43. Bxh3 Re3 44. Bd7+ Kd8 45. Kf4 Rxc3 46. g4 Rxa3 47. Bxc6 Ra1 48. Be4 a3 49. Ra7 Rf1+ 50. Kg5 Re1 51. Bf5 Re3 52. Kf6 1-0

[Event "November 21 Early 2023"]
[Site "https://www.chess.com"]
[Date "2023.11.21"]
[Round "2"]
[White "Rustemov, Alexander"]
[Black "ChainedDowntohell"]
[Result "1-0"]
[Board "40"]
[TimeControl "180+1"]
[WhiteFideId "4119002"]
[WhiteElo "2891"]
[BlackElo "2580"]
[WhiteTeam "RUS"]
[WhiteClock "0:00:49"]
[BlackClock "0:00:03"]

1. d4 Nf6 2. c4 e6 3. Nf3 d5 4. Bg5 Bb4+ 5. Nc3 dxc4 6. e4 b5 7. e5 h6 8. exf6 hxg5 9. fxg7 Rg8 10. a4 c6 11. g3 Bb7 12. Bg2 Nd7 13. O-O Bxc3 14. bxc3 Rxg7 15. Re1 Kf8 16. Rb1 a6 17. Nd2 Qc7 18. Qh5 Nf6 19. Qh6 Ng4 20. Qh8+ Rg8 21. Qh5 Nf6 22. Qf3 Nd5 23. Ne4 g4 24. Qe2 Rg6 25. Qd2 Nb6 26. Nc5 Bc8 27. Be4 Rg7 28. Qh6 Rb8 29. Bc2 Nd5 30. Re5 Nxc3 31. Rg5 f5 32. Qh8+ 1-0

[Event "November 21 Early 2023"]
[Site "https://www.chess.com"]
[Date "2023.11.21"]
[Round "2"]
[White "GatoRojo150"]
[Black "Sjugirov, Sanan"]
[Result "1/2-1/2"]
[Board "41"]
[TimeControl "180+1"]
[BlackFideId "4189302"]
[WhiteElo "2574"]
[BlackElo "2569"]
[BlackTeam "HUN"]
[WhiteClock "0:00:13"]
[BlackClock "0:00:08"]

1. e4 c6 2. Nc3 d5 3. Nf3 Bg4 4. Be2 dxe4 5. Nxe4 Nf6 6. Nfg5 Nxe4 7. Nxe4 Bf5 8. Ng3 Bg6 9. h4 h6 10. d4 Nd7 11. Bd3 Bxd3 12. Qxd3 e6 13. Bd2 Be7 14. Nh5 Nf6 15. Nxg7+ Kf8 16. Nxe6+ fxe6 17. Qg6 Qxd4 18. O-O-O Qg4 19. Bxh6+ Rxh6 20. Qxh6+ Kf7 21. f3 Qg3 22. Qg5 Rg8 23. Qa5 Qxg2 24. Qxa7 Qe2 25. Qxb7 Qc4 26. Qb3 Qf4+ 27. Kb1 Rb8 28. Qd3 Qe5 29. c3 Ba3 30. Rd2 Rb5 31. h5 Qb8 32. Qg6+ Ke7 33. Qg7+ Ke8 34. Qh8+ Kf7 35. Qxb8 Rxb8 36. h6 Be7 37. h7 Rh8 38. Rdh2 Bd6 39. Rh3 Nd5 40. a4 Nf4 41. Rh4 Ng6 42. Rh6 Bf4 43. R6h5 e5 44. a5 Kg7 45. a6 Ra8 46. h8=Q+ Nxh8 47. Rxh8 Rxa6 48. R1h7+ Kf6 49. Rf8+ Ke6 50. Re8+ Kd5 51. Rd7+ Kc4 52. Rc8 c5 53. Rdc7 Be3 54. Kc2 Ra2 55. Kb1 Ra6 56. Rc6 Ra7 57. R8c7 Ra8 58. Rc8 Ra7 59. R6c7 Ra6 1/2-1/2

[Event "November 21 Early 2023"]
[Site "https://www.chess.com"]
[Date "2023.11.21"]
[Round "2"]
[White "Mikhailovsky, Vladimir"]
[Black "Chen, Justin"]
[Result "1-0"]
[Board "42"]
[TimeControl "180+1"]
[WhiteFideId "34105414"]
[BlackFideId "2098199"]
[WhiteElo "2257"]
[BlackElo "2289"]
[WhiteTeam "RUS"]
[BlackTeam "USA"]
[WhiteClock "0:00:46"]
[BlackClock "0:00:01"]

1. e4 e5 2. Nf3 Nc6 3. Nc3 Nf6 4. d4 exd4 5. Nxd4 Ba3 6. bxa3 O-O 7. Nxc6 bxc6 8. Bd3 d5 9. exd5 Re8+ 10. Be3 Ng4 11. O-O Qd6 12. g3 Nxe3 13. fxe3 Bh3 14. Qh5 Bxf1 15. Qxh7+ Kf8 16. Rxf1 cxd5 17. Qh8+ Ke7 18. Qxg7 Qe6 19. Qg5+ Kf8 20. Nxd5 Rad8 21. Nf6 Qxe3+ 22. Qxe3 Rxe3 23. Ng4 Re7 24. Nh6 c5 25. g4 Rd4 26. h3 Rc7 27. g5 c4 28. Bg6 Rd5 29. h4 Kg7 30. Bxf7 Rd2 31. Rf2 c3 32. Bb3 Re7 33. Nf5+ 1-0

[Event "November 21 Early 2023"]
[Site "https://www.chess.com"]
[Date "2023.11.21"]
[Round "2"]
[White "JuniorJumper"]
[Black "Taher, Yoseph Theolifus"]
[Result "0-1"]
[Board "43"]
[TimeControl "180+1"]
[BlackFideId "7105347"]
[WhiteElo "2572"]
[BlackElo "2352"]
[BlackTeam "INA"]
[WhiteClock "0:00:17"]
[BlackClock "0:02:22"]

1. d4 Nf6 2. Bf4 c5 3. e3 Nd5 4. Bg3 Qb6 5. Nc3 Nxc3 6. bxc3 g6 7. Rb1 Qa5 8. Rb3 Bg7 9. Bd3 O-O 10. Ne2 a6 11. O-O d5 12. c4 b5 13. cxd5 c4 14. Rb1 cxd3 15. cxd3 Qxa2 16. Nc3 Qa5 17. Qb3 Nd7 18. Ra1 Qb6 19. Nxb5 Bb7 0-1

[Event "November 21 Early 2023"]
[Site "https://www.chess.com"]
[Date "2023.11.21"]
[Round "2"]
[White "Sychev, Klementy"]
[Black "Santos Flores, Alberto"]
[Result "0-1"]
[Board "44"]
[TimeControl "180+1"]
[WhiteFideId "4114060"]
[BlackFideId "3601234"]
[WhiteElo "2583"]
[BlackElo "2235"]
[WhiteTeam "FID"]
[BlackTeam "ECU"]
[WhiteClock "0:00:00"]
[BlackClock "0:00:05"]

1. e4 e6 2. d4 d5 3. e5 c5 4. c3 Qb6 5. Nf3 Nc6 6. Bd3 cxd4 7. O-O Bd7 8. Re1 Nge7 9. h4 h5 10. Nbd2 Nf5 11. Nb3 dxc3 12. bxc3 g6 13. Bg5 Qc7 14. Nbd4 Nfxd4 15. Nxd4 Nxd4 16. Bf6 Rg8 17. cxd4 Be7 18. Bxe7 Kxe7 19. Qd2 Rac8 20. Rec1 Bc6 21. Rab1 Qd7 22. Rc3 a6 23. Rbc1 Rh8 24. Qg5+ Kf8 25. Qf6 Rg8 26. Be2 Qe7 27. Bxa6 Qxf6 28. exf6 Rb8 29. f4 Ke8 30. a4 Kd7 31. Bxb7 Bxb7 32. Rc7+ Kd6 33. Rxf7 Bc6 34. Rh7 Rgf8 35. a5 Rxf6 36. a6 Ra8 37. a7 Rxf4 38. Rg7 Rxh4 39. Rxg6 Rxd4 40. Rg7 Ra4 41. Rb1 R4xa7 42. Rg3 Ra1 0-1

[Event "November 21 Early 2023"]
[Site "https://www.chess.com"]
[Date "2023.11.21"]
[Round "2"]
[White "Zubarev, Alexander"]
[Black "Galaktionov, Artem"]
[Result "1-0"]
[Board "45"]
[TimeControl "180+1"]
[WhiteFideId "14104385"]
[BlackFideId "24175471"]
[WhiteElo "2363"]
[BlackElo "2367"]
[WhiteTeam "UKR"]
[BlackTeam "RUS"]
[WhiteClock "0:00:05"]
[BlackClock "0:00:16"]

1. d4 c6 2. Nf3 g6 3. e4 Bg7 4. Nc3 d6 5. Be3 Nd7 6. h3 e5 7. a4 Ngf6 8. dxe5 dxe5 9. a5 Qe7 10. Nd2 Nc5 11. Bc4 O-O 12. O-O Rd8 13. Qb1 Ne6 14. Ne2 Nh5 15. Qa2 Nhf4 16. Bxf4 Nxf4 17. Nxf4 exf4 18. Nf3 Be6 19. Bxe6 Qxe6 20. Qxe6 fxe6 21. c3 h6 22. a6 b6 23. Rfd1 Kf7 24. Kf1 Ke7 25. Ke2 b5 26. Rxd8 Rxd8 27. Rd1 Rb8 28. Nd4 Rb6 29. Nb3 b4 30. Nc5 bxc3 31. bxc3 Rb5 32. Rd7+ Kf6 33. Nd3 Bf8 34. e5+ Kg5 35. Rxa7 Ra5 36. Rf7 Ba3 37. a7 h5 38. Kf3 Kh6 39. Nxf4 Bc5 40. Nxe6 Bxa7 41. Rf8 g5 42. Rf6+ Kh7 43. Nxg5+ Kg7 44. Ne6+ Kh7 45. Ke4 Bb8 46. f4 Ra3 47. g4 hxg4 48. hxg4 Rxc3 49. Kf5 Bxe5 50. fxe5 Rf3+ 51. Nf4 c5 52. Rc6 Rc3 53. Rc7+ Kg8 54. g5 c4 55. g6 Rc1 56. Kf6 1-0

[Event "November 21 Early 2023"]
[Site "https://www.chess.com"]
[Date "2023.11.21"]
[Round "2"]
[White "Thorfinnsson, Bjorn"]
[Black "Kuzubov, Yuriy"]
[Result "0-1"]
[Board "46"]
[TimeControl "180+1"]
[WhiteFideId "2300982"]
[BlackFideId "14112906"]
[WhiteElo "2381"]
[BlackElo "2487"]
[WhiteTeam "ISL"]
[BlackTeam "UKR"]
[WhiteClock "0:00:03"]
[BlackClock "0:00:12"]

1. d4 Nf6 2. Nf3 e6 3. Bg5 h6 4. Bh4 c5 5. e3 Nc6 6. c3 d5 7. Nbd2 Qb6 8. Qb3 c4 9. Qc2 g5 10. Bg3 Nh5 11. Be2 Bg7 12. Be5 Nf6 13. Bg3 Nh5 14. Be5 Bxe5 15. Nxe5 Nxe5 16. dxe5 Ng7 17. Nf3 Qc7 18. e4 g4 19. Nd4 Qxe5 20. exd5 Qxd5 21. Qa4+ Bd7 22. Qxc4 Qxc4 23. Bxc4 a6 24. Be2 e5 25. Nb3 h5 26. O-O-O Bc6 27. f3 Ne6 28. fxg4 Bxg2 29. Rhe1 f6 30. gxh5 Nf4 31. Bg4 O-O 32. Rg1 Kh8 33. Rd2 f5 34. Bd1 Bd5 35. Rg5 Rae8 36. Nc5 e4 37. Rf2 Nh3 38. Rfxf5 Nxg5 39. Rxd5 Nf3 40. Nxb7 e3 41. Be2 Ng1 42. Bxa6 e2 43. Bxe2 Rxe2 44. Rd1 Rb8 45. Rxg1 Rxb7 0-1

[Event "November 21 Early 2023"]
[Site "https://www.chess.com"]
[Date "2023.11.21"]
[Round "2"]
[White "Zakhartsov, Vladimir"]
[Black "Statham_l3"]
[Result "1-0"]
[Board "47"]
[TimeControl "180+1"]
[WhiteFideId "4145097"]
[WhiteElo "2448"]
[BlackElo "2562"]
[WhiteTeam "RUS"]
[WhiteClock "0:01:10"]
[BlackClock "0:00:00"]

1. d4 e6 2. e4 d5 3. Nd2 Nf6 4. Bd3 c5 5. e5 Nfd7 6. c3 cxd4 7. cxd4 Nc6 8. Ne2 f6 9. exf6 Nxf6 10. Nf3 Bd6 11. O-O O-O 12. Bf4 Bxf4 13. Nxf4 Ng4 14. Qd2 Qd6 15. g3 e5 16. dxe5 Ncxe5 17. Be2 Nxf3+ 18. Bxf3 d4 19. Rad1 Qh6 20. h4 Bf5 21. Qxd4 Rad8 22. Qxd8 Rxd8 23. Rxd8+ Kf7 24. Re1 Qb6 25. Bd5+ Be6 26. Bxe6+ Ke7 27. Nd5+ Kxd8 28. Nxb6 1-0

[Event "November 21 Early 2023"]
[Site "https://www.chess.com"]
[Date "2023.11.21"]
[Round "2"]
[White "Gokerkan, Cem Kaan"]
[Black "Nasir, Zehn"]
[Result "1-0"]
[Board "48"]
[TimeControl "180+1"]
[WhiteFideId "6336760"]
[BlackFideId "2613239"]
[WhiteElo "2365"]
[BlackElo "2004"]
[WhiteTeam "TUR"]
[BlackTeam "CAN"]
[WhiteClock "0:01:48"]
[BlackClock "0:00:14"]

1. e4 c6 2. d4 d5 3. e5 Bf5 4. h4 h5 5. c4 e6 6. Nc3 Nd7 7. cxd5 cxd5 8. Bd3 Bxd3 9. Qxd3 Ne7 10. Bg5 a6 11. Nf3 Qb6 12. O-O Rc8 13. Rfc1 Nc6 14. Nxd5 exd5 15. e6 Nf6 16. Ne5 Bd6 17. exf7+ Ke7 18. Qf5 Rhd8 19. Re1 Kf8 20. Bxf6 gxf6 21. Nd7+ Rxd7 22. Qxd7 Rd8 23. Re8+ Kg7 24. f8=Q+ 1-0